 Dungeon Crawl Stone Soup version 0.26.1-11-gd32895ea62 (webtiles) character file.

Game seed: 3056446417214484746

128 bigdumb the Skirmisher (level 4, -4/41 HPs)
             Began as a Demigod Wanderer on July 5, 2021.
             Slain by an iguana (8 damage)
             ... on level 4 of the Dungeon.
             The game lasted 00:02:55 (3873 turns).

bigdumb the Skirmisher (Demigod Wanderer)           Turns: 3873, Time: 00:02:55

Health: -4/41      AC:  6    Str: 22    XL:     4   Next: 58%
Magic:  6/6        EV: 11    Int: 14    God:
Gold:   36         SH:  0    Dex: 12    Spells: 3/3 levels left

rFire    . . .     SeeInvis .   a - +0 club
rCold    . . .     Faith    .   (no shield)
rNeg     . . .     Spirit   .   d - +0 ring mail
rPois    .         Reflect  .   g - +0 helmet
rElec    .         Harm     .   (no cloak)
rCorr    .         Rampage  .   (no gloves)
Will     .....                  (no boots)
Stlth    ..........             (no amulet)
HPRegen  0.13/turn              i - ring of attention (curse)
MPRegen  0.10/turn              (no ring)

@: no status effects
A: high mp 1
a: no special abilities


You were on level 4 of the Dungeon.
You visited 1 branch of the dungeon, and saw 3 of its levels.

You collected 36 gold pieces.

Inventory:

Hand Weapons
 a - a +0 club (weapon)
Armour
 b - a +0 cloak
 d - a +0 ring mail (worn)
 g - a +0 helmet (worn)
Jewellery
 i - a cursed ring of attention (left hand)
Scrolls
 c - 2 scrolls of teleportation
 f - a scroll of identify
 h - a scroll of enchant armour
Potions
 e - a potion of heal wounds


   Skills:
 + Level 4.5 Fighting
 + Level 1.8 Maces & Flails
 + Level 3.4 Armour
 + Level 1.0 Dodging
 - Level 1.0 Stealth
 + Level 1.0 Shields
 + Level 1.0 Unarmed Combat


You had 3 spell levels left.
You didn't know any spells.
Your spell library was empty.

Dungeon Overview and Level Annotations

Branches:
Dungeon (2/15)


Innate Abilities, Weirdness & Mutations

You have an increased reservoir of magic. (+10% MP)


Message History

You are too injured to fight recklessly!
You are too injured to fight recklessly!
You are too injured to fight recklessly!
You are too injured to fight recklessly!
You are too injured to fight recklessly!
You are too injured to fight recklessly!
You are too injured to fight recklessly!
You are too injured to fight recklessly!
You are too injured to fight recklessly!
You are too injured to fight recklessly!
You barely miss the iguana.
The iguana is heavily wounded.
The iguana bites you!
* * * LOW HITPOINT WARNING * * *
You hit the iguana but do no damage.
The iguana is heavily wounded.
The iguana bites you.
* * * LOW HITPOINT WARNING * * *
The iguana bites you!
You die...

##........#
##.####.....#####
.......(....#
####l...##
#.#####.#†#
#.......#.#
#########.#
#########.#
.....Zl@..#
###########


You could see an iguana and a centaur skeleton.

Vanquished Creatures
  3 gnolls
  4 adders
  4 leopard geckos
  3 orcs (D:2)
  4 giant cockroaches
  3 goblins
  9 hobgoblins
  4 jackals (D:1)
  6 kobolds
  A quokka (D:2)
  4 bats (D:1)
  3 frilled lizards
  9 rats
57 creatures vanquished.

Notes
Turn   | Place    | Note
-------+----------+-------------------------------------------
     0 | D:1      | bigdumb the Demigod Wanderer began the quest for the Orb.
     0 | D:1      | bigdumb set off with the following items: a +0 club, a
                  | potion of berserk rage, a scroll of teleportation, a +0
                  | ring mail, a potion of heal wounds
     0 | D:1      | Reached XP level 1. HP: 19/19 MP: 3/3
   343 | D:1      | Reached skill level 4 in Fighting
   343 | D:1      | Reached XP level 2. HP: 10/27 MP: 4/4
   888 | D:1      | Reached XP level 3. HP: 26/34 MP: 5/5
  1829 | D:2      | Reached skill level 1 in Maces & Flails
  2221 | D:2      | Found a blossoming altar of Fedhas.
  2430 | D:2      | Reached XP level 4. HP: 20/41 MP: 6/6
  3089 | D:2      | Found a shimmering blue altar of Sif Muna.
  3603 | D:2      | You fall into a shaft and drop 2 floors!
  3815 | D:4      | Reached skill level 1 in Dodging
  3873 | D:4      | Slain by an iguana

Illustrated notes

Levels and vault maps discovered:
D:1:      onia_arrival_mini_maze, layout_basic, eino_curves_01
D:2:      layout_basic, lemuel_crystal_altar, general_overflow_altar,
          minitemple, guppyfry_early_orc_mine
D:4:      layout_loops_ring, pdpol_wu_jian_five_deadly_venoms, elyvilon_altar_1,
          minmay_temple_entry_statues_fountains

Skill      XL: |  1  2  3  4 |
---------------+-------------+-----
Fighting       | 4 |  4.5
Armour         | 3 |  3.4
Maces & Flails | 1 |  1.8
Dodging        | 1 |  1.0
Stealth        | |  1.0
Shields        | |  1.0
Unarmed Combat | |  1.0

Action                   |  1- 3 |  4- 6 || total
-------------------------+-------+-------++-------
Melee: Club              |   216 |    94 ||   310
       Punch             |       |     1 ||     1
  Use: Potion            |     3 |     1 ||     4
       Scroll            |       |     2 ||     2
Armor: Ring mail         |   107 |    30 ||   137
Dodge: Dodged            |   147 |    71 ||   218
